 Dungeon Crawl Stone Soup version 0.29.0-7-g18a832c13a (webtiles) character file.

Game seed: 16055491434223791257

3756 Arcadio the Frost Mage (level 10, -1/91 HPs)
             Began as a Naga Ice Elementalist on Aug 31, 2022.
             Was a Believer of Cheibriados.
             Slain by Joseph
             ... wielding a +0 quarterstaff
              (16 damage)
             ... on level 9 of the Dungeon.
             The game lasted 01:03:01 (15461 turns).

Arcadio the Frost Mage (Naga Ice Elementalist)     Turns: 15461, Time: 01:03:01

Health: -1/91      AC: 15    Str: 15    XL:     10   Next: 15%
Magic:  3/19       EV: 12    Int: 31    God:    Cheibriados [**....]
Gold:   586        SH:  0    Dex: 17    Spells: 8/21 levels left

rFire   + . .      SeeInvis +   b - +1 dagger (venom)
rCold   + . .      Faith    .   (no shield)
rNeg    . . .      Spirit   .   q - +1 leather armour {rF+}
rPois   +          Reflect  .   A - +0 hat "Hucih" {rF+}
rElec   .          Harm     .   i - +0 cloak
rCorr   .          Rampage  .   (no gloves)
Will    +....                   (no barding)
Stlth   +++.......              (no amulet)
HPRegen 0.25/turn               I - +6 ring of intelligence
MPRegen 0.16/turn               h - ring of ice

@: ice-armoured, freezing walls, very slow
A: AC +3, large, see invisible, deformed body, poison resistance, slowness 2,
spit poison 1, naga tail 1
a: Spit Poison, Renounce Religion, Bend Time


You were on level 9 of the Dungeon.
You worshipped Cheibriados.
Cheibriados was pleased with you.
You visited 2 branches of the dungeon, and saw 10 of its levels.

You collected 586 gold pieces.

Inventory:

Hand Weapons
 a - a +2 sling of flaming
 b - a +1 dagger of venom (weapon)
 c - a +0 dagger
 o - a +1 flail of protection
 z - a +1 war axe of electrocution
 H - a +4 halberd
 O - a +2 war axe of flaming
Missiles
 e - 5 boomerangs of dispersal
Armour
 i - a +0 cloak (worn)
 q - a +1 leather armour of fire resistance (worn)
 A - the +0 hat "Hucih" (worn) {rF+}
   (You found it on level 6 of the Dungeon)

   rF:        It protects you from fire.
 B - a +0 ring mail
 N - a +0 robe
 R - a +0 buckler
Jewellery
 h - a ring of ice (right hand)
 s - a ring of flight
 w - an amulet of guardian spirit
 x - a +4 ring of protection
 F - a ring of protection from fire
 I - a +6 ring of intelligence (left hand)
 J - a +6 ring of dexterity
 L - a ring of positive energy
Wands
 Q - a wand of polymorph (8)
Scrolls
 d - 2 scrolls of magic mapping
 k - 2 scrolls of enchant weapon
 m - 5 scrolls of teleportation
 r - 2 scrolls of amnesia
 y - a scroll of vulnerability {unknown}
 C - a scroll of acquirement {unknown}
 E - a scroll of immolation {unknown}
 G - a scroll of summoning {unknown}
 K - a scroll of fear {unknown}
 M - a scroll of noise {unknown}
 P - a scroll of blinking {unknown}
 S - a scroll of fog {unknown}
Potions
 f - 2 potions of mutation
 g - a potion of magic
 j - 8 potions of curing
 l - 3 potions of lignification
 n - 4 potions of brilliance
 p - 4 potions of heal wounds
 t - 2 potions of attraction
 u - 2 potions of invisibility
 v - 4 potions of haste
 D - 2 potions of might
 T - a potion of cancellation


   Skills:
 + Level 6.2 Fighting
 + Level 6.3 Dodging
 - Level 4.8 Stealth
 + Level 6.3 Spellcasting
 + Level 8.8 Ice Magic


You had 8 spell levels left.
You knew the following spells:

 Your Spells              Type           Power      Damage    Failure   Level
a - Freeze                Ice            100%       1d11      1%          1
b - Frozen Ramparts       Ice            100%       1d16      1%          3
c - Ozocubu's Armour      Ice            77%        N/A       1%          3
d - Passwall              Tmut/Erth      7%         N/A       9%          2
e - Hailstorm             Conj/Ice       54%        3d12      10%         4

Your spell library contained the following spells:

 Spells                   Type           Power      Damage    Failure   Level
 Sandblast                Erth           18%        2d7       6%          1
 Summon Small Mammal      Summ           36%        N/A       6%          1
 Static Discharge         Conj/Air       9%         3-5/arc   9%          2
 Stone Arrow              Conj/Erth      18%        3d8       17%         3
 Dispel Undead            Necr           9%         3d8       50%         4
 Passage of Golubria      Tloc           9%         N/A       50%         4
 Sticky Flame             Conj/Fire      9%         2d3       50%         4
 Monstrous Menagerie      Summ           4%         N/A       100%        7


Dungeon Overview and Level Annotations

Branches:
Dungeon (9/15) Zot: 38895  Temple (1/1) D:7 Zot: 8681    Lair (0/5) D:9
    Orc: D:9-12

Altars:
Ashenzari
Cheibriados
Dithmenos
Elyvilon
Gozag
Hepliaklqana
Kikubaaqudgha
Makhleb
Nemelex Xobeh
Okawaru
Qazlal
Ru
Sif Muna
Trog
Uskayaw
Vehumet
Wu Jian
Xom
Yredelemnul
Zin
The Shining One

Portals:
Abyss: D:3

Annotations:
D:3 2 transporters, Nebesus's ghost, amateur NaNe
D:7 exclusion: downstairs
D:9 Joseph


Innate Abilities, Weirdness & Mutations

Your serpentine skin is tough. (AC +3)
You have supernaturally acute eyesight. (SInv)
Armour fits poorly on your strangely shaped body.
Your system is resistant to poisons. (rPois)
You cover ground very slowly.
You can spit poison.
You have a snake-like lower body.


Message History

Aim: Joseph, wielding a +0 quarterstaff and wearing a +0 leather armour (heavily wounded, berserk)
You feel a surge of power!
You freeze Joseph!
Joseph is heavily wounded.
The shadow slips into darkness.
The shadow flickers and vanishes for a moment.
The wall freezes Joseph but does no damage.
Joseph hits you but does no damage.
Casting: Freeze (safe; 1% risk of failure)
Confirm with . or Enter, or press ? or * to list all spells.
Aiming: Freeze (safe; 1% risk of failure)
Press: ? - help, Shift-Dir - straight line, f/p - Joseph
Aim: Joseph, wielding a +0 quarterstaff and wearing a +0 leather armour (heavily wounded, berserk)
You feel a surge of power!
You freeze Joseph!
Joseph is severely wounded.
The wall freezes Joseph.
Joseph hits you with a +0 quarterstaff! The shadow hits you.
The wall freezes Joseph!
Joseph barely misses you.
Casting: Freeze (safe; 1% risk of failure)
Confirm with . or Enter, or press ? or * to list all spells.
Aiming: Freeze (safe; 1% risk of failure)
Press: ? - help, Shift-Dir - straight line, f/p - Joseph
Aim: Joseph, wielding a +0 quarterstaff and wearing a +0 leather armour (severely wounded, berserk)
You feel a surge of power!
You freeze Joseph.
Joseph is severely wounded.
The shadow slips into darkness.
The shadow flickers and vanishes for a moment.
The wall freezes Joseph.
Joseph hits you with a +0 quarterstaff!!
Casting: Freeze (safe; 1% risk of failure)
Confirm with . or Enter, or press ? or * to list all spells.
Aiming: Freeze (safe; 1% risk of failure)
Press: ? - help, Shift-Dir - straight line, f/p - Joseph
Aim: Joseph, wielding a +0 quarterstaff and wearing a +0 leather armour (severely wounded, berserk)
You feel a surge of power!
You freeze Joseph!
Joseph is severely wounded.
The wall freezes Joseph.
Joseph hits you with a +0 quarterstaff!!
* * * LOW HITPOINT WARNING * * *
The shadow barely misses you.
The wall freezes Joseph!
Joseph hits you with a +0 quarterstaff!
You die...

#..#####.# #<#
....## #.# #.#
####. #.# #^# #.
#.# #.# #. #.#
#.# #.
###.####### #.#
#.####.........#
#.#
......W...###.#
#.#
..###.@@........
#.# #.###.##..##
#. #.. .# .# .
#.. .# # #@. ..
.. .. .# .. ..
..


You could see Joseph (berserk) and a shadow (invisible).

Vanquished Creatures
  A kobold demonologist (D:8)
  A yak (D:9)
  2 water moccasins
  An orc warrior (D:9)
  3 black bears
  An ice beast (D:6)
  An ogre (D:4)
  A centaur (D:9)
  7 kobold brigands (D:8)
  6 bullfrogs
  A gnoll sergeant (D:7)
  2 necrophages
  2 scorpions (D:9)
  6 wights
  6 killer bees (D:8)
  3 howler monkeys (D:7)
  A jelly (D:5)
  4 orc priests
  3 iguanas
  7 orc wizards
  7 adders
  7 gnolls
  A white imp (D:5)
  2 ufetubi (D:5)
  2 worms (D:3)
  3 dart slugs
  25 orcs
  6 ball pythons
  7 bats
  A bat zombie (D:9)
  11 endoplasms
  5 giant cockroaches
  11 goblins
  8 hobgoblins
  20 kobolds
  4 quokkas
  3 frilled lizards
  5 rats (D:1)
  A rat zombie (D:9)
188 creatures vanquished.

Vanquished Creatures (others)
  28 fungi (D:9)
  35 plants (D:9)
63 creatures vanquished.

Grand Total: 251 creatures vanquished

Notes
Turn   | Place    | Note
-------+----------+-------------------------------------------
     0 | D:1      | Arcadio the Naga Ice Elementalist began the quest for the
                  | Orb.
     0 | D:1      | Reached XP level 1. HP: 15/15 MP: 3/3
   446 | D:1      | Reached XP level 2. HP: 22/22 MP: 5/5
  1014 | D:1      | Found a faded altar of an unknown god.
  1522 | D:1      | Reached XP level 3. HP: 26/28 MP: 1/6
  2847 | D:2      | Learned a level 3 spell: Frozen Ramparts
  3106 | D:2      | Reached XP level 4. HP: 31/36 MP: 3/8
  4739 | D:3      | Reached XP level 5. HP: 42/42 MP: 9/9
  4825 | D:3      | Found a transporter.
  4825 | D:3      | Found a one-way gate to the infinite horrors of the Abyss.
  4825 | D:3      | Noticed Nebesus's ghost (amateur NaNe)
  4831 | D:3      | Found a transporter.
  4837 | D:3      | Noticed a small abomination
  4842 | D:3      | Noticed a small abomination
  4854 | D:3      | Found a hazy altar of Hepliaklqana.
  5650 | D:4      | Reached skill level 5 in Ice Magic
  5654 | D:4      | Identified the +10 falchion "Giantslayer" {antimagic,
                  | Int+2}
  6082 | D:4      | Learned a level 3 spell: Ozocubu's Armour
  6085 | D:4      | Learned a level 2 spell: Passwall
  6649 | D:4      | Noticed an ogre
  6657 | D:4      | Killed an ogre
  6658 | D:4      | Reached XP level 6. HP: 38/49 MP: 4/11
  6865 | D:5      | Entered Level 5 of the Dungeon
  7675 | D:5      | Reached XP level 7. HP: 50/55 MP: 9/13
  8339 | D:5      | Reached skill level 1 in Fighting
  8339 | D:5      | Reached skill level 6 in Ice Magic
  8894 | D:6      | Learned a level 4 spell: Hailstorm
  8934 | D:6      | Identified the +0 hat "Hucih" {rF+}
  9126 | D:6      | Reached XP level 8. HP: 61/67 MP: 11/14
 10360 | D:7      | Found a staircase to the Ecumenical Temple.
 10435 | Temple   | Entered the Ecumenical Temple
 10578 | Temple   | Became a worshipper of Cheibriados the Contemplative
 11592 | D:7      | Reached skill level 7 in Ice Magic
 12652 | D:8      | Noticed a kobold demonologist
 12741 | D:8      | Killed a kobold demonologist
 12742 | D:8      | Reached skill level 5 in Dodging
 12742 | D:8      | Reached XP level 9. HP: 76/79 MP: 9/16
 12745 | D:8      | Reached * piety under Cheibriados
 12746 | D:8      | Reached skill level 5 in Spellcasting
 13339 | D:8      | Reached skill level 5 in Fighting
 13344 | D:8      | Reached skill level 8 in Ice Magic
 14297 | D:9      | Got the Tractate on Twisted Leadership
 14882 | D:9      | Found an ancient bone altar of Kikubaaqudgha.
 15008 | D:9      | Reached ** piety under Cheibriados
 15039 | D:9      | Reached XP level 10. HP: 66/91 MP: 2/19
 15046 | D:9      | Found a staircase to the Lair.
 15448 | D:9      | Noticed Joseph
 15461 | D:9      | Slain by Joseph

Illustrated notes

Levels and vault maps discovered:
D:1:      sevenhm_arrival_forest_fort_large_2, layout_rooms,
          hellmonk_ecumenical_altar_arch_garden
D:2:      minmay_chambers_of_ones, layout_basic, columned_hall_lemuel
D:3:      layout_loops_ring, worldfamousw_hep_ancestral_shrine,
          gammafunk_ghost_abyssal_escape
D:4:      layout_basic, hangedman_abyss_or_decor_passed, nrook_campfire
D:5:      layout_loops_ring
D:6:      layout_basic, minmay_statues_item, hangedman_decor_peaks_small
D:7:      layout_basic, minmay_temple_entry_junction, grunt_ministairs_4
D:8:      layout_basic, special_room [special_room_kobold]
D:9:      layout_loops_ring, lemuel_zombie_altar_kikubaaqudgha,
          due_lair_maze_entry_diamond, uniq_maurice, uniq_joseph
Temple:   nicolae_temple_bog_church

Skill      XL: |  1  2  3  4  5  6  7  8  9 |
---------------+----------------------------+-----
Stealth        | 4 |  4.8
Spellcasting   | 3 4 6 |  6.3
Dodging        | 2 3 5 6 |  6.3
Ice Magic      | 5 6 7 8 |  8.8
Fighting       | 2 4 6 |  6.2

Action                   |  1- 3 |  4- 6 |  7- 9 | 10-12 || total
-------------------------+-------+-------+-------+-------++-------
Melee: Dagger            |    25 |    74 |   209 |    17 ||   325
       Punch             |       |     2 |     2 |     1 ||     5
 Fire: Sling             |       |       |     1 |       ||     1
 Cast: Freeze            |    36 |    24 |    17 |     6 ||    83
       Frozen Ramparts   |     2 |    11 |    35 |     2 ||    50
       Ozocubu's Armour  |       |     2 |    24 |     3 ||    29
Invok: Bend Time         |       |       |     3 |     1 ||     4
 Abil: Spit Poison       |     4 |    28 |    17 |     2 ||    51
Evoke: Wand              |       |       |     5 |       ||     5
  Use: Scroll            |       |     7 |     8 |       ||    15
 Stab: Sleeping          |     2 |    13 |       |       ||    15
Armor: Robe              |    14 |     5 |       |       ||    19
       Leather armour    |       |     7 |   101 |     9 ||   117
Dodge: Dodged            |    32 |    41 |   136 |    12 ||   221
